 Dungeon Crawl Stone Soup version 0.27.0-1-g7a089689b8 (webtiles) character file.

Game seed: 14241819947229429993

157257 Lochraine the Warrior (level 17, -2/168 HPs)
             Began as a Minotaur Venom Mage on Aug 12, 2021.
             Was a Priest of Ashenzari.
             Slain by a salamander tyrant (18 damage)
             ... on level 4 of the Snake Pit.
             The game lasted 01:37:35 (36474 turns).

Lochraine the Warrior (Minotaur Venom Mage)        Turns: 36474, Time: 01:37:36

Health: -2/168     AC: 23    Str: 14    XL:     17   Next: 12%
Magic:  24/24      EV:  9    Int: 16    God:    Ashenzari [***...]
Gold:   2466       SH: 19    Dex: 17    Spells: 20/27 levels left

rFire    . . .     SeeInvis +   k - +4 demon whip (elec)
rCold    . . .     Faith    .   C - +0 kite shield {rPois}
rNeg     . . .     Spirit   .   O - +1 chain mail of the Shattered Seer {Int+4 Slay+6, Fort, Evo} (curse)
rPois    .         Reflect  +   (helmet restricted)
rElec    .         Harm     .   (no cloak)
rCorr    .         Rampage  .   w - +0 pair of gloves of Ouranomancy {Fort, Self} (curse)
Will     +....     Clarity  +   l - +1 pair of boots of Curses and Power {Elem, Cun} (curse)
Stlth    +.........             b - amulet of Ashenzari's Pleiades {Reflect Str-4 Dex+4 SH+5, Melee, Evo} (curse)
HPRegen  0.38/turn              X - ring of the All-seeing Burden {Slay+4, Melee, Fort} (curse)
MPRegen  0.19/turn              Z - +4 ring of protection

@: lethally poisoned (-2 -> -27), weakened, poison vulnerable, slowed,
constricted, very slow
A: horns 2, retaliatory headbutt, subdued magic 1
a: Renounce Religion, Curse Item, Shatter the Chains


You were on level 4 of the Snake Pit.
You worshipped Ashenzari.
Ashenzari was most pleased with you.
You visited 4 branches of the dungeon, and saw 27 of its levels.

You collected 2910 gold pieces.
You spent 444 gold pieces at shops.

Inventory:

Hand Weapons
 k - a +4 demon whip of electrocution (weapon)
   (You took it off a torturous demonspawn on level 2 of the Orcish Mines)
Missiles
 e - 2 throwing nets {!f}
 q - 12 javelins
Armour
 l - the cursed +1 pair of boots of Curses and Power (worn) {Elem, Cun}
   (You found it on level 2 of the Dungeon)

   It has a curse which improves the following skills: Elements: Fire Magic, Ice
   Magic, Air Magic and Earth Magic.
   Cunning:   Dodging and Stealth.
 w - the cursed +0 pair of gloves of Ouranomancy (worn) {Fort, Self}
   (You found it on level 3 of the Dungeon)

   It has a curse which improves the following skills: Fortitude: Armour and
   Shields.
   Introspection: Fighting and Spellcasting.
 B - the +3 chain mail "Myly" {rCorr}
   (You found it on level 9 of the Dungeon)

   rCorr:     It protects you from acid and corrosion.
 C - a +0 kite shield of poison resistance (worn)
   (You took it off a tengu warrior on level 15 of the Dungeon)
 O - the cursed +1 chain mail of the Shattered Seer (worn) {Int+4 Slay+6, Fort, Evo}
   (You found it on level 8 of the Dungeon)

   Int:       It affects your intelligence (+4).
   Slay:      It affects your accuracy & damage with ranged weapons and melee
   (+6).
   It has a curse which improves the following skills: Fortitude: Armour and
   Shields.
   Evocations: Evocations.
Magical Staves
 m - a staff of death
   (You found it on level 2 of the Dungeon)
Jewellery
 a - a ring of protection from fire
   (You found it on level 1 of the Snake Pit)
 b - the cursed amulet of Ashenzari's Pleiades (around neck) {Reflect Str-4 Dex+4 SH+5, Melee, Evo}
   (You bought it in a shop on level 1 of the Orcish Mines)

   [amulet of reflection]

   It reflects blocked missile attacks.
   Str:       It affects your strength (-4).
   Dex:       It affects your dexterity (+4).
   SH:        It affects your SH (+5).
   It has a curse which improves the following skills: Melee Combat: Short
   Blades, Long Blades, Axes, Maces & Flails, Polearms, Staves and Unarmed
   Combat.
   Evocations: Evocations.
 c - a ring of protection from cold
   (You found it on level 12 of the Dungeon)
 h - a ring of ice
   (You found it on level 1 of the Dungeon)
 i - a ring of resist corrosion
   (You found it on level 2 of the Lair of Beasts)
 M - a +6 ring of strength
   (You found it on level 8 of the Dungeon)
 U - a +6 ring of intelligence
   (You found it on level 5 of the Lair of Beasts)
 X - the cursed ring of the All-seeing Burden (left hand) {Slay+4, Melee, Fort}
   (You found it on level 6 of the Lair of Beasts)

   [ring of slaying]

   Slay:      It affects your accuracy & damage with ranged weapons and melee
   (+4).
   It has a curse which improves the following skills: Melee Combat: Short
   Blades, Long Blades, Axes, Maces & Flails, Polearms, Staves and Unarmed
   Combat.
   Fortitude: Armour and Shields.
 Z - a +4 ring of protection (right hand)
   (You found it on level 13 of the Dungeon)
Wands
 d - a wand of iceblast (12)
   (You found it on level 4 of the Lair of Beasts)
 t - a wand of flame (127)
   (You took it off Robin on level 3 of the Dungeon)
 u - a wand of paralysis (18)
   (You found it on level 2 of the Lair of Beasts)
 v - a wand of digging (5)
   (You found it on level 3 of the Lair of Beasts)
 x - a wand of acid (20)
   (You found it on level 10 of the Dungeon)
 K - a wand of charming (8)
   (You found it on level 2 of the Lair of Beasts)
 Q - a wand of polymorph (18)
   (You found it on level 4 of the Lair of Beasts)
 T - a wand of mindburst (10)
   (You found it on level 13 of the Dungeon)
Scrolls
 g - 12 scrolls of teleportation {@r4}
 n - a scroll of brand weapon
 p - 4 scrolls of amnesia
 s - a scroll of enchant armour
 y - a scroll of magic mapping
 D - 4 scrolls of fog
 E - 2 scrolls of blinking
 R - a scroll of silence
 W - 2 scrolls of fear
Potions
 f - 2 potions of mutation {!q}
 j - 4 potions of resistance
 o - 8 potions of curing {@q1}
 r - 5 potions of attraction {!q}
 z - 5 potions of haste {@q3}
 G - a potion of berserk rage
 H - 3 potions of cancellation
 I - 4 potions of brilliance
 N - a potion of flight
 S - 4 potions of magic
 V - a potion of invisibility
Miscellaneous
 F - a phial of floods
   (You found it on level 9 of the Dungeon)
 L - a condenser vane (inert)
   (You found it on level 11 of the Dungeon)
 P - a phantom mirror
   (You found it on level 4 of the Lair of Beasts)


   Skills:
 + Level 18.0(19.4) Fighting
 - Level 9.3(12.1) Short Blades
 - Level 2.2(7.9) Long Blades
 - Level 9.2(12.0) Maces & Flails
 + Level 14.1(17.5) Armour
 - Level 11.0(12.6) Dodging
 - Level 5.5(7.4) Stealth
 + Level 12.7(16.1) Shields
 - Level 3.8(5.5) Spellcasting
 - Level 2.3 Conjurations
 - Level 1.2 Transmutations
 - Level 5.5(7.4) Air Magic
 - Level 4.9 Poison Magic
 + Level 9.8(12.5) Evocations


You had 20 spell levels left.
You knew the following spells:

 Your Spells              Type           Power      Damage    Failure   Level
a - Sting                 Tmut/Pois      44%        1d5       28%         1
d - Mephitic Cloud        Conj/Pois/Air  15%        N/A       38%         3
s - Swiftness             Air            21%        N/A       14%         3

Your spell library contained the following spells:

 Spells                   Type           Power      Damage    Failure   Level
 Poisonous Vapours        Pois/Air       36%        N/A       12%         2
 Shock                    Conj/Air       60%        1d6       13%         1
 Airstrike                Air            10%        N/A       45%         4
 Spider Form              Tmut/Pois      5%         N/A       65%         3
 Freeze                   Ice            16%        1d4       67%         1
 Sandblast                Erth           6%         2d5       67%         1
 Animate Skeleton         Necr           6%         N/A       71%         1
 Pain                     Necr           12%        1d4       71%         1
 Summon Small Mammal      Summ           12%        N/A       71%         1
 Passwall                 Tmut/Erth      4%         N/A       75%         2
 Olgreb's Toxic Radiance  Pois           15%        N/A       80%         4
 Ensorcelled Hibernation  Hex/Ice        6%         N/A       83%         2
 Slow                     Hex            3%         N/A       85%         2
 Sublimation of Blood     Necr           1%         N/A       85%         2
 Summon Lightning Spire   Summ/Air       12%        N/A       92%         4
 Frozen Ramparts          Ice            8%         1d2       96%         3
 Confusing Touch          Hex            3%         N/A       97%         3
 Vampiric Draining        Necr           1%         2d6       97%         3
 Hailstorm                Conj/Ice       6%         3d4       99%         4
 Lightning Bolt           Conj/Air       7%         1d20      99%         5
 Cause Fear               Hex            1%         N/A       100%        4
 Ice Form                 Ice/Tmut       5%         N/A       100%        4
 Petrify                  Tmut/Erth      5%         N/A       100%        4
 Summon Ice Beast         Ice/Summ       3%         N/A       100%        4
 Irradiate                Conj/Tmut      3%         3d14      100%        5
 Lee's Rapid Deconstruct  Erth           1%         3d5*      100%        5
 Shadow Creatures         Summ           N/A        N/A       100%        6
 Dragon Form              Tmut           3%         N/A       100%        7
 Monstrous Menagerie      Summ           1%         N/A       100%        7
 Necromutation            Tmut/Necr      2%         N/A       100%        8
 Dragon's Call            Summ           1%         N/A       100%        9


Dungeon Overview and Level Annotations

Branches:
Dungeon (15/15)            Temple (0/1) D:7            Lair (6/6) D:10
 Shoals (0/4) Lair:2        Snake (4/4) Lair:3        Slime (0/5) Lair:6
    Orc (2/2) D:10            Elf (0/3) Orc:2        Vaults (0/5) D:13
 Depths (0/5) D:15

Altars:
Ashenzari
Cheibriados
Hepliaklqana
Okawaru
Sif Muna
Wu Jian
Xom
Yredelemnul
The Shining One
Jiyva

Shops:
Orc:1 =   Orc:2 :?(*   Snake:4 (

Portals:
Pandemonium: Orc:2

Annotations:
D:3 exclusion: ogre
D:4 4 runed translucent doors, exclusion: door, Brandom's ghost, amateur HOAK; Crazy Yiuf
D:9 1 runed translucent door
Snake:2 Donald


Innate Abilities, Weirdness & Mutations

You have a pair of horns on your head.
You reflexively headbutt those who attack you in melee.
Your spells are a little easier to cast, but a little less powerful.


Message History

You feel very sick.
You are more poisoned.
You block the guardian serpent's attack.
The naga ritualist closely misses you. You block the naga ritualist's attack.
The salamander tyrant is engulfed in poison gas.
The salamander tyrant is poisoned.
The salamander tyrant gazes fiercely through you!
You feel as though you will be weak longer.
The salamander tyrant hits you but does no damage.
The naga mage hits you with a +0 spear! The naga mage closely misses you.
You block the naga warrior's attack. x2
The guardian serpent casts a spell at you.
The bolt of poison hits you!!
You are more poisoned.
* * * LOW HITPOINT WARNING * * *
The bolt of poison misses the naga warrior.
The salamander tyrant is engulfed in poison gas.
The salamander tyrant is poisoned.
The salamander tyrant hits you.
* * * LOW HITPOINT WARNING * * *
You are engulfed in flames!!
* * * LOW HITPOINT WARNING * * *
You block the naga ritualist's attack. The naga ritualist grabs you.
The naga ritualist constricts you.
The salamander tyrant is engulfed in poison gas.
The salamander tyrant looks even sicker.
The salamander tyrant hits you but does no damage.
As you read the scroll of fear, it crumbles to dust.
You assume a fearsome visage.
The salamander tyrant looks frightened!
The guardian serpent looks frightened!
The salamander tyrant easily resists.
The naga mage resists with some effort.
The naga ritualist looks frightened!
The naga warrior looks frightened!
You feel extremely sick.
* * * LOW HITPOINT WARNING * * *
You are more poisoned.
* * * LOW HITPOINT WARNING * * *
You are more poisoned.
The naga ritualist's toxic aura wanes.
You block the naga mage's attack.
The salamander tyrant is engulfed in poison gas.
The salamander tyrant looks even sicker.
The salamander tyrant hits you but does no damage.
The naga ritualist loses its grip on you.
The salamander tyrant is engulfed in poison gas.
The salamander tyrant looks even sicker.
You block the naga mage's attack. The naga mage grabs you.
The naga mage constricts you.
The salamander tyrant is engulfed in poison gas.
The salamander tyrant looks even sicker.
The salamander tyrant hits you!
* * * LOW HITPOINT WARNING * * *
You are engulfed in flames!!
You die...

.....# #....# , ,##...#.....
,......# #...## , ,{#...##....
.......# #...#, ,,{ ##...#....
#......# #...#, , ,#.).#....
#.....###...## ,,, { {#...#....
#.....###...##, ,* , .#..)#....
#......##...N##* * ...#)..#....
#.......##...§###....##...#####
* #........##.N§@§§S...#.))####
#.........##N§NN§...##...#..##
#....#.....##§§§§.###...##...#
#....##.....#######.....#...##
#....###...........)...##...#
.##....#.###...........####...#
..#..^)#...###......######....#
..#....#.....########.###.....#
# ....[)))......#
###..###.....## #


You could see a naga warrior (curare, fleeing), 2 salamander tyrants, a naga
ritualist (strong, curare, fleeing), a guardian serpent (fleeing) and a naga
mage (strong).

Vanquished Creatures
  Frances (Snake:1)
  6 nagarajas
  Nessos (Lair:5)
  3 salamander tyrants (Snake:4)
  6 naga warriors
  A vault guard (D:13)
  8 hydras
  5 boulder beetles
  A centaur warrior (D:8)
  2 ogre magi (D:15)
  2 anacondas
  3 catoblepae
  15 two-headed ogres
  17 death yaks
  6 orc high priests (Orc:2)
  A deep troll shaman (Lair:6)
  3 tengu warriors
  4 shock serpents
  11 naga sharpshooters
  A soul eater (Orc:2)
  A sixfirhy (Orc:2)
  5 skeletal warriors (D:15)
  A gelid demonspawn (Orc:2)
  A salamander mystic (Snake:4)
  A torturous demonspawn (Orc:2)
  4 naga ritualists
  2 wizards
  A glowing orange brain (D:15)
  An infernal demonspawn (Orc:2)
  A lindwurm (Lair:6)
  5 orc knights (Orc:2)
  14 ugly things
  4 mana vipers
  2 manticores (D:15)
  7 orc sorcerers
  An anaconda skeleton (Snake:1)
  5 cyclopes
  A shining eye (shapeshifter) (D:15)
  A moth of wrath (Lair:4)
  13 naga magi
  3 elephants (Lair:6)
  11 salamanders
  3 guardian serpents
  25 black mambas
  2 gargoyles
  An orange demon (Orc:2)
  13 cane toads
  6 rime drakes
  An unseen horror (D:11)
  10 komodo dragons
  A kobold demonologist (D:11)
  2 tengu conjurers (D:14)
  A hellwing (Orc:2)
  A demonic crawler (Lair:4)
  2 ice devils (Orc:2)
  7 trolls
  A meliai (shapeshifter) (D:14)
  2 polar bears (Lair:6)
  A tyrant leech (Lair:4)
  14 dream sheep (Lair:6)
  9 blink frogs
  6 slime creatures
  2 vampires
  2 wraiths
  48 yaks
  6 basilisks
  4 fire bats (D:10)
  3 vampire mosquitoes (D:13)
  A neqoxec (Orc:2)
  A steam dragon (D:8)
  A chaos spawn (Orc:2)
  Edmund (D:4)
  33 nagas
  3 swamp worms (Lair:4)
  4 wargs
  15 water moccasins
  2 acid dragons
  A hell hound (D:10)
  A floating eye (D:8)
  24 orc warriors
  3 black bears
  11 ogres
  A necrophage (D:5)
  5 centaurs
  33 wolves
  3 kobold brigands (D:10)
  6 bullfrogs
  3 gnoll sergeants
  5 scorpions
  A water moccasin skeleton (D:4)
  2 howler monkeys
  2 lava snakes (D:10)
  5 jellies
  A bullfrog zombie (D:5)
  4 hounds
  2 centaur zombies
  17 orc priests
  3 centaur skeletons
  A gnoll shaman (D:7)
  3 iguanas
  12 orc wizards
  4 hell rats (Lair:6)
  2 killer bee zombies
  Robin (D:3)
  A howler monkey zombie (D:8)
  20 gnolls
  7 adders
  A white imp (D:8)
  2 ufetubi
  2 worms (D:2)
  A dart slug (D:3)
  41 orcs
  7 bats
  6 endoplasms
  4 giant cockroaches
  12 goblins
  8 hobgoblins
  6 jackals (D:1)
  3 quokkas (D:3)
  6 ball pythons
  6 frilled lizards
  5 kobolds
  5 rats
  A fire vortex (D:10)
716 creatures vanquished.

Vanquished Creatures (others)
  A naga (Lair:3)
  A bush (Lair:6)
  A fire vortex (D:10)
  30 fungi
  44 plants
77 creatures vanquished.

Grand Total: 793 creatures vanquished

Notes
Turn   | Place    | Note
-------+----------+-------------------------------------------
     0 | D:1      | Lochraine the Minotaur Venom Mage began the quest for the
                  | Orb.
     0 | D:1      | Reached XP level 1. HP: 14/14 MP: 1/1
   166 | D:1      | Reached skill level 1 in Transmutations
   205 | D:1      | Reached XP level 2. HP: 20/20 MP: 3/3
   609 | D:1      | Found a faded altar of an unknown god.
   620 | D:1      | Became a worshipper of Ashenzari the Shackled
   620 | D:1      | Identified a scroll of acquirement
  1019 | D:2      | Reached XP level 3. HP: 15/27 MP: 1/4
  1171 | D:2      | Reached skill level 1 in Fighting
  1280 | D:2      | Reached skill level 1 in Short Blades
  1502 | D:2      | Reached * piety under Ashenzari
  2091 | D:2      | Reached XP level 4. HP: 36/36 MP: 5/5
  2384 | D:3      | Noticed Robin
  2418 | D:3      | Killed Robin
  2419 | D:3      | Reached skill level 2 in Fighting
  2575 | D:3      | Noticed an ogre
  2826 | D:3      | Noticed a scorpion
  2836 | D:3      | Killed a scorpion
  2837 | D:3      | Reached XP level 5. HP: 44/44 MP: 6/6
  2837 | D:3      | Reached ** piety under Ashenzari
  3299 | D:4      | Reached skill level 3 in Fighting
  3424 | D:4      | Noticed Brandom's ghost (amateur HOAK)
  3425 | D:4      | Found a runed translucent gate.
  3425 | D:4      | Noticed a centaur
  3426 | D:4      | Found a runed translucent gate.
  3426 | D:4      | Found a runed translucent gate.
  3492 | D:4      | Reached XP level 6. HP: 39/55 MP: 3/9
  3745 | D:4      | Reached skill level 4 in Fighting
  3833 | D:4      | Reached skill level 1 in Evocations
  3833 | D:4      | Reached XP level 7. HP: 61/61 MP: 7/10
  3880 | D:4      | Noticed Edmund
  3924 | D:4      | Killed Edmund
  4050 | D:4      | Learned a level 3 spell: Mephitic Cloud
  4246 | D:4      | Reached skill level 5 in Dodging
  4325 | D:4      | Found a runed translucent door.
  4326 | D:4      | Noticed Crazy Yiuf
  4712 | D:5      | Entered Level 5 of the Dungeon
  4890 | D:5      | Acquired 579 gold pieces
  5103 | D:5      | Reached skill level 5 in Fighting
  5103 | D:5      | Reached skill level 1 in Air Magic
  5416 | D:5      | Reached XP level 8. HP: 71/71 MP: 11/11
  5578 | D:6      | Noticed a two-headed ogre
  5609 | D:6      | Killed a two-headed ogre
  5610 | D:6      | Reached skill level 5 in Short Blades
  5632 | D:6      | Reached skill level 6 in Fighting
  5931 | D:6      | Found a snail-covered altar of Cheibriados.
  5967 | D:6      | Found a glowing golden altar of the Shining One.
  6071 | D:6      | Reached XP level 9. HP: 79/79 MP: 14/14
  6804 | D:7      | Found a staircase to the Ecumenical Temple.
  6825 | D:7      | Noticed a two-headed ogre
  7118 | D:7      | Found an iron altar of Okawaru.
  7119 | D:7      | Found a shimmering blue altar of Sif Muna.
  7121 | D:7      | Found a broken altar of Ashenzari.
  7134 | D:7      | Found a basalt altar of Yredelemnul.
  7380 | D:6      | Killed a two-headed ogre
  7381 | D:6      | Reached skill level 1 in Conjurations
  8070 | D:8      | Noticed a two-headed ogre
  8086 | D:8      | Killed a two-headed ogre
  8445 | D:8      | Reached XP level 10. HP: 80/88 MP: 14/16
  8629 | D:8      | Noticed a two-headed ogre
  8662 | D:8      | a two-headed ogre changed into a floating eye
  9018 | D:8      | Identified the +1 chain mail of the Shoals {Int+4 Slay+6}
  9031 | D:8      | Noticed a centaur warrior
  9033 | D:8      | Reached skill level 13 in Fighting
  9033 | D:8      | Reached XP level 11. HP: 110/110 MP: 17/17
  9046 | D:8      | Killed a centaur warrior
  9318 | D:8      | Found an ornate altar of the Wu Jian Council.
  9475 | D:9      | Noticed a two-headed ogre
  9510 | D:9      | Identified the +3 chain mail "Myly" {rCorr}
  9550 | D:9      | Found a runed translucent door.
  9550 | D:9      | Noticed a sixfirhy
  9811 | D:10     | Entered Level 10 of the Dungeon
  9880 | D:10     | Noticed a two-headed ogre
  9906 | D:9      | Reached skill level 1 in Shields
 10150 | D:9      | Found a hazy altar of Hepliaklqana.
 10151 | D:9      | Found a shimmering altar of Xom.
 10454 | D:9      | Killed a two-headed ogre
 10950 | D:10     | Noticed a death yak
 10953 | D:10     | Noticed a death yak
 10953 | D:10     | Noticed a death yak
 10955 | D:10     | Noticed a death yak
 10957 | D:10     | Found a staircase to the Lair.
 10957 | D:10     | Noticed a death yak
 10957 | D:10     | Noticed a death yak
 10985 | D:10     | Killed a death yak
 10989 | D:10     | Killed a death yak
 10990 | D:10     | Reached skill level 5 in Armour
 11001 | D:10     | Killed a death yak
 11006 | D:10     | Killed a death yak
 11008 | D:10     | Killed a death yak
 11019 | D:10     | Killed a death yak
 11075 | D:10     | Found a staircase to the Orcish Mines.
 11465 | D:10     | Killed a two-headed ogre
 11466 | D:10     | Reached XP level 12. HP: 56/118 MP: 12/18
 11969 | Orc:1    | Entered Level 1 of the Orcish Mines
 11992 | Orc:1    | Found Tox Tije's Jewellery Shoppe.
 12030 | Orc:1    | Bought the amulet "Eniamois" {Reflect Str-4 Dex+4 SH+5} for
                  | 444 gold pieces
 12089 | Orc:2    | Entered Level 2 of the Orcish Mines
 12503 | Lair:1   | Entered Level 1 of the Lair of Beasts
 12544 | Lair:1   | Reached skill level 5 in Stealth
 12933 | Lair:1   | Reached skill level 14 in Fighting
 13126 | Lair:1   | Identified the Volume of Creative Darkness
 13915 | Lair:2   | Reached skill level 5 in Evocations
 14232 | Lair:2   | Reached *** piety under Ashenzari
 14362 | Lair:2   | Found a staircase to the Shoals.
 15244 | Lair:3   | Noticed an eight-headed hydra
 15251 | Lair:3   | Killed an eight-headed hydra
 15252 | Lair:3   | Reached XP level 13. HP: 109/128 MP: 20/20
 15438 | Lair:3   | Reached skill level 5 in Shields
 16006 | Lair:3   | Found a staircase to the Snake Pit.
 16519 | Lair:4   | Found a snail-covered altar of Cheibriados.
 17296 | Lair:4   | Learned a level 3 spell: Swiftness
 17531 | Lair:5   | Noticed Nessos
 17537 | Lair:5   | Killed Nessos
 17538 | Lair:5   | Reached skill level 15 in Fighting
 17949 | Lair:5   | Reached **** piety under Ashenzari
 18725 | Lair:6   | Entered Level 6 of the Lair of Beasts
 19340 | Lair:6   | Reached skill level 10 in Armour
 19396 | Lair:6   | Reached XP level 14. HP: 121/144 MP: 23/23
 19520 | Lair:6   | Found a viscous altar of Jiyva.
 19520 | Lair:6   | Found a staircase to the Slime Pits.
 21149 | Lair:5   | Reached skill level 5 in Air Magic
 22402 | Orc:2    | Found Qyatiy Wava's General Store.
 22410 | Orc:2    | Found Ominn's Magic Scroll Shoppe.
 22440 | Orc:2    | Gained mutation: Your spells are a little easier to cast,
                  | but a little less powerful. [a neqoxec]
 22549 | Orc:2    | Found a staircase to the Elven Halls.
 23251 | Orc:2    | Reached skill level 16 in Fighting
 24189 | Orc:2    | Reached skill level 1 in Long Blades
 24252 | Orc:2    | Paralysed by an orc sorcerer for 5 turns
 24258 | Orc:2    | HP: 3/146 [poisoned by an orc sorcerer]
 24816 | Orc:2    | Reached skill level 1 in Maces & Flails
 24821 | Orc:2    | Reached XP level 15. HP: 53/152 MP: 24/24
 25126 | Orc:2    | Found a one-way gate leading to the halls of Pandemonium.
 25130 | Orc:2    | Found Ymefoud's Antique Weapon Boutique.
 25136 | Orc:2    | Found Xukijes's Book Shop.
 27812 | D:13     | Found a gate to the Vaults.
 27820 | D:13     | Reached skill level 10 in Dodging
 28535 | D:14     | Reached skill level 10 in Shields
 29067 | D:15     | Entered Level 15 of the Dungeon
 29452 | D:15     | Reached skill level 5 in Maces & Flails
 30283 | D:15     | Paralysed by an ogre mage for 2 turns
 30462 | D:15     | Reached skill level 17 in Fighting
 30758 | D:15     | Reached XP level 16. HP: 159/159 MP: 23/23
 30775 | D:15     | Found a staircase to the Depths.
 31261 | Snake:1  | Entered Level 1 of the Snake Pit
 31285 | Snake:1  | Noticed Frances
 31301 | Snake:1  | Killed Frances
 33067 | Snake:2  | Noticed Donald
 33210 | Snake:4  | Entered Level 4 of the Snake Pit
 33382 | Snake:4  | Found Bywak's Antique Weapon Shoppe.
 36208 | Snake:4  | Reached XP level 17. HP: 156/168 MP: 24/24
 36268 | Snake:4  | Reached skill level 18 in Fighting
 36474 | Snake:4  | Slain by a salamander tyrant

Illustrated notes

Levels and vault maps discovered:
D:1:      dpeg_arrival_pond, layout_basic, ebering_ecumenical_altar_box
D:2:      wad_crossroads, layout_basic, minmay_pentomino_p4
D:3:      layout_loops_ring, uniq_robin
D:4:      layout_basic, gammafunk_ghost_split, minmay_statues_item,
          uniq_crazy_yiuf_cottage, uniq_edmund
D:5:      layout_cave_pools
D:6:      layout_basic, mainiacjoe_overflow_two_lobes
D:7:      layout_basic, nicolae_overflow_quartered_altars,
          minmay_temple_entry_mini_moons
D:8:      layout_cave_pools, lemuel_crystal_altar, wad_mini_maze
D:9:      cheibrodos_shockbox, layout_grid_maze, regret_index_temple_of_mockery,
          enter_bailey_7
D:10:     layout_rooms, dpeg_lair_monsters,
          kennysheep_orc_monster_closet_entryway, hangedman_incinerator
D:11:     layout_cave_pods, minmay_puff
D:12:     layout_small_grid
D:13:     layout_roguey, david_vaults_5
D:14:     layout_roguey, grunt_decor_resistance
D:15:     gammafunk_enter_depths_forms, layout_loops_cross,
          minmay_misc_feat_square, gauntlet_entry_generic
Lair:1:   layout_hall_layers
Lair:2:   layout_cave_pods, shoals_dummy_entry, chequers_serial_rivers_micro_e
Lair:3:   layout_cave_pods, minmay_snake_entry_guardpost_large,
          serial_bayou_pond_d
Lair:4:   layout_concentric_octagons, basic_altar, worms_lemuel
Lair:5:   layout_small_grid, uniq_nessos
Lair:6:   grunt_lair_end_beastmaster, layout_misc_corridors, slime_altar_1,
          grunt_megastairs_1
Snake:1:  layout_chambers, nicolae_snake_dead_anacondas, grunt_megastairs_5,
          uniq_frances
Snake:2:  layout_layer_cave, uniq_azrael, uniq_donald, uniq_louise
Snake:3:  layout_grid_shapes
Snake:4:  grunt_snake_rune_spirals, layout_onion, serial_shops, shop
Orc:1:    layout_caves, serial_shops, shop
Orc:2:    pf_orc_diabolical, layout_caves

Skill      XL: |  1  2  3  4  5  6  7  8  9 10 11 12 13 14 15 16 17 |
---------------+----------------------------------------------------+-----
Transmutations | 1 |  1.2
Fighting       | 1 2 3 4 5 6 13 14 15 16 17 18 | 18.0
Short Blades   | 1 2 3 4 5 6 8 9 |  9.3
Dodging        | 3 4 5 6 7 9 10 11 | 11.0
Evocations     | 1 3 5 7 8 9 |  9.8
Poison Magic   | 3 4 |  4.9
Spellcasting   | 2 3 |  3.8
Air Magic      | 1 2 3 4 5 |  5.5
Stealth        | 3 4 5 |  5.5
Armour         | 3 6 8 10 11 12 14 | 14.1
Conjurations   | 2 |  2.3
Shields        | 2 4 7 9 11 12 | 12.7
Long Blades    | 2 |  2.2
Maces & Flails | 1 6 9 |  9.2

Action                   |  1- 3 |  4- 6 |  7- 9 | 10-12 | 13-15 | 16-18 || total
-------------------------+-------+-------+-------+-------+-------+-------++-------
Melee: Short sword       |   117 |    38 |       |       |       |       ||   155
       Headbutt          |    15 |    13 |    37 |   153 |   401 |   100 ||   719
       Unarmed           |     1 |       |       |       |       |       ||     1
       Dagger            |       |   104 |   193 |   573 |  1069 |       ||  1939
       Long sword        |       |       |       |       |     2 |       ||     2
       Demon whip        |       |       |       |       |   386 |   411 ||   797
 Fire: Longbow           |       |       |     9 |     4 |       |       ||    13
 Cast: Sting             |     4 |    13 |    44 |     1 |       |       ||    62
       Mephitic Cloud    |       |       |     1 |       |       |       ||     1
Invok: Curse Item        |     2 |     2 |     1 |     3 |     2 |       ||    10
       Shatter the Chain |       |       |     1 |     2 |     2 |       ||     5
Evoke: Wand              |       |       |     7 |     9 |    38 |     9 ||    63
       Phial of floods   |       |       |       |     2 |     1 |       ||     3
       Condenser vane    |       |       |       |       |       |     2 ||     2
  Use: Scroll            |       |       |     1 |     2 |     5 |     1 ||     9
       Potion            |       |       |     1 |     4 |     2 |       ||     7
 Stab: Sleeping          |     3 |     4 |     2 |     1 |       |       ||    10
       Distracted        |       |     1 |       |       |     1 |       ||     2
       Confused          |       |       |     1 |       |       |       ||     1
       Paralysed         |       |       |       |     1 |     1 |     1 ||     3
Armor: Leather armour    |    31 |    35 |    16 |       |       |       ||    82
       Robe              |       |       |    13 |       |       |       ||    13
       Ring mail         |       |       |    19 |     5 |       |       ||    24
       Chain mail        |       |       |       |   137 |   263 |    78 ||   478
Dodge: Dodged            |    69 |    59 |   128 |   155 |   279 |    83 ||   773
Block: Buckler           |       |       |       |    91 |   496 |       ||   587
       Reflection        |       |       |       |       |    23 |    54 ||    77
       Kite shield       |       |       |       |       |    75 |   318 ||   393
